 Dungeon Crawl Stone Soup version 0.31-a0-702-gf82c85558f (webtiles) character file.

Game seed: 14481354047677894031

42 qw the Shooter (level 3, 0/22 HPs)
             Began as a Gargoyle Hunter on Sept 8, 2023.
             Slain by a goblin
             ... wielding a +0 dagger
             ... led by Robin
              (1 damage)
             ... on level 4 of the Dungeon.
             The game lasted 00:00:23 (769 turns).

qw the Shooter (Gargoyle Hunter)                     Turns: 769, Time: 00:00:24

Health: 0/22       AC:  8    Str: 14    XL:     3   Next: 56%
Magic:  3/3        EV: 10    Int:  9    God:
Gold:   98         SH:  0    Dex: 15    Spells: 2/2 levels left

rFire   + . .        Y - +0 shortbow
rCold   + . .        (shield currently unavailable)
rNeg    + . .        g - +0 ring mail
rPois   inf          (no helmet)
rElec   +            e - scarf {rC+ rF+}
rCorr   .            (no gloves)
SInv    .            (no boots)
Will    .....        (no amulet)
Stlth   +            (no ring)
HPRegen 0.23/turn    (no ring)
MPRegen 0.08/turn

%: no passive effects
@: no status effects
A: sickness immunity, AC +3, negative energy resistance 1, electricity
resistance, torment resistance 1, petrification resistance
a: no special abilities


You were on level 4 of the Dungeon.
You visited 1 branch of the dungeon, and saw 3 of its levels.

You collected 98 gold pieces.


Innate Abilities, Weirdness & Mutations

You are immune to sickness and miasma.
Your stone body is resilient. (AC +3)
You are immune to poison.
You resist negative energy. (rN+)
You are resistant to electric shocks. (rElec)
You are resistant to unholy torment.
You are immune to petrification.


   Skills:
 + Level 2.4 Fighting
 - Level 5.0 Ranged Weapons
 - Level 1.0 Armour
 - Level 1.5 Dodging
 - Level 1.1 Stealth


You had 2 spell levels left.
You didn't know any spells.
Your spell library was empty.

Inventory:

Hand Weapons
 Y - a +0 shortbow (weapon)
Armour
 e - a scarf of resistance (worn)
 g - a +0 ring mail (worn)
Jewellery
 b - an amulet of faith
Scrolls
 a - a scroll of torment {unknown}

Dungeon Overview and Level Annotations

Branches:
Dungeon (2/15)

Altars:

Annotations:
D:2 Jessica
D:4 Robin


Message History

The goblin hits you but does no damage. Robin throws the goblin at you!
The hobgoblin closely misses you.
The hobgoblin hits you but does no damage.
The goblin closely misses you.
You shoot an arrow. The arrow hits the hobgoblin.
You kill the hobgoblin!
The goblin barely misses you. x2
You shoot an arrow. The arrow hits the hobgoblin.
You kill the hobgoblin!
Robin hits you from afar with a +0 spear.
The goblin closely misses you.
A jackal comes into view.
The goblin hits you but does no damage. The hobgoblin hits you.
You shoot an arrow. The arrow hits the goblin.
The goblin is severely wounded.
Robin closely misses you. The goblin barely misses you. The hobgoblin hits you.
Robin closely misses you. The goblin hits you with a +0 dagger.
The goblin barely misses you. The hobgoblin closely misses you.
The goblin hits you with a +0 dagger.
You shoot an arrow. The arrow hits the goblin.
You kill the goblin!
Robin hits you but does no damage. The goblin barely misses you.
The hobgoblin hits you but does no damage.
The goblin closely misses you.
You shoot an arrow. The arrow hits the hobgoblin.
The hobgoblin is severely wounded.
Robin barely misses you. The goblin hits you but does no damage.
The hobgoblin hits you. The goblin closely misses you.
You shoot an arrow. The arrow barely misses the hobgoblin.
The goblin barely misses you. The goblin closely misses you.
The hobgoblin hits you but does no damage.
You shoot an arrow. The arrow closely misses the hobgoblin.
Robin barely misses you. The goblin hits you but does no damage.
The goblin closely misses you. The hobgoblin closely misses you.
You shoot an arrow. The arrow hits the hobgoblin.
The hobgoblin is almost dead.
The hobgoblin no longer looks unusually strong.
The goblin barely misses you. The hobgoblin hits you.
The goblin hits you but does no damage. The goblin hits you with a +0 dagger.
You die...

.. .. #. #..
#..### #...h#
##.#..#g#
)..).gg@#####
...##g#g)...#
.. #.....#
..# #.....#
..
...........#
#
##.#.#####.#
#..#.. .# #.
..# # #..#.#


You could see Robin, a jackal, a hobgoblin and 3 goblins.

Vanquished Creatures
  A ball python (D:1)
  3 bats
  4 endoplasms (D:1)
  A giant cockroach (D:2)
  10 goblins
  7 hobgoblins
  2 quokkas (D:1)
  A frilled lizard (D:2)
  3 kobolds
  3 rats
35 creatures vanquished.

Notes
Turn   | Place    | Note
-------+----------+-------------------------------------------
     0 | D:1      | qw the Gargoyle Hunter began the quest for the Orb.
     0 | D:1      | Reached XP level 1. HP: 12/12 MP: 1/1
     0 | D:1      | 0 ||| qw: Version: 0.3-a-76-g4403597
     0 | D:1      | 0 ||| qw: Game counter: 1211
     0 | D:1      | 0 ||| qw: Melee chars always use a shield: true
     0 | D:1      | 0 ||| qw: God list: Okawaru
     0 | D:1      | 0 ||| qw: Allow faded altars: false
     0 | D:1      | 0 ||| qw: Do Orc after clearing Dungeon:15 true
     0 | D:1      | 0 ||| qw: Do second Lair branch before Depths: true
     0 | D:1      | 0 ||| qw: Lair rune preference: random
     0 | D:1      | 0 ||| qw: Goals: Normal
     0 | D:1      | 0 ||| PLANNING D:1-11
   127 | D:1      | Reached XP level 2. HP: 17/17 MP: 2/2
   248 | D:1      | Found a faded altar of an unknown god.
   440 | D:1      | Reached XP level 3. HP: 21/21 MP: 3/3
   508 | D:1      | 508 ||| UPGRADING to scarf of resistance.
   513 | D:1      | 513 ||| UPGRADING to +0 ring mail.
   523 | D:1      | 523 ||| DROPPING +0 leather armour.
   524 | D:1      | 524 ||| READING scroll labelled QAAPSUUSOE.
   525 | D:1      | 525 ||| READING scroll labelled ZOENA XIOTHUDI.
   526 | D:1      | 526 ||| DROPPING scroll of butterflies.
   709 | D:2      | Reached skill level 1 in Armour
   744 | D:2      | Noticed Jessica
   744 | D:2      | You fall into a shaft and drop 2 floors!
   752 | D:4      | Noticed Robin
   758 | D:4      | Reached skill level 5 in Ranged Weapons
   764 | D:4      | HP: 4/22 [goblin/+0 dagger[Robin] (2)]
   769 | D:4      | HP: 1/22 [hobgoblin[Robin] (2)]
   769 | D:4      | Slain by a goblin

Levels and vault maps discovered:
D:1:      minmay_arrival_hallway, layout_rooms,
          shapermc_ecumenical_altar_notcrosses
D:2:      layout_loops_ring, chequers_serial_rivers_room_b, uniq_jessica,
          uniq_terence
D:4:      layout_basic, mainiacjoe_overflow_chevrons,
          fedhas_altar_decomposition, mainiacjoe_overflow_catwalk, uniq_robin

Skill      XL: |  1  2  3 |
---------------+----------+-----
Armour         | 1 |  1.0
Ranged Weapons | 5 |  5.0
Fighting       | |  2.4
Dodging        | |  1.5
Stealth        | |  1.1

Action                     || total
---------------------------++-------
   Fire: Shortbow          ||    98
    Use: Scroll            ||     2
 Armour: Leather armour    ||    19
         Ring mail         ||    32
  Dodge: Dodged            ||    44

Table legend:
 A = Non-vault XP
 B = Vault XP
 C = Vault XP percentage of total XP
 D = Non-vault monster count
 E = Vault monster count
 F = Vault count percentage of total count
                 A         B        C        D         E       F
            +---------+---------+-------+---------+---------+-------
      Total |      46 |      15 |  24.6 |      27 |       8 |  22.9
            +---------+---------+-------+---------+---------+-------
        D:1 |      34 |       0 |   0.0 |      19 |       0 |   0.0
        D:2 |      12 |       0 |   0.0 |       8 |       0 |   0.0
        D:4 |       0 |      15 | 100.0 |       0 |       8 | 100.0
            +---------+---------+-------+---------+---------+-------
